 Dungeon Sprint DCSS version 0.29.1-15-g9cfb28693d (webtiles) character file.

Game seed: 6910701399946042032

0 Ast3rio the Covered (level 1, -9/20 HPs)
             Began as a Minotaur Fighter on Mar 15, 2023.
             Was an Initiate of Gozag.
             Mangled by Pikel
             ... wielding a +2 whip of electrocution
              (18 damage)
             ... in the Dungeon (Sprint VI: "Thunderdome").
             The game lasted 00:00:49 (134 turns).

Ast3rio the Covered (Minotaur Fighter)               Turns: 134, Time: 00:00:53

Health: -9/20      AC:  7    Str: 20    XL:     1   Next: 41%
Magic:  0/0        EV:  9    Int:  5    God:    Gozag
Gold:   308        SH:  4    Dex:  9    Spells: 0/0 levels left

rFire   . . .      SeeInvis .   a - +0 war axe
rCold   . . .      Faith    .   c - +0 buckler
rNeg    . . .      Spirit   .   b - +0 scale mail
rPois   .          Reflect  .   (helmet restricted)
rElec   .          Harm     .   (no cloak)
rCorr   .          Rampage  .   (no gloves)
Will    .....      NoTele   +   (no boots)
Stlth   ..........              (no amulet)
HPRegen 0.06/turn               (no ring)
MPRegen 0.07/turn               (no ring)

@: no status effects
A: horns 2, retaliatory headbutt
a: Renounce Religion, Potion Petition, Call Merchant, Bribe Branch


You were in the Dungeon.
You worshipped Gozag.
Gozag was aware of your devotion.
You visited 1 branch You collected 308 gold pieces.

Inventory:

Hand Weapons
 a - a +0 war axe (weapon)
Armour
 b - a +0 scale mail (worn)
 c - a +0 buckler (worn)
Wands
 l - a wand of light (5)
 m - a wand of iceblast (5)
Scrolls
 j - 4 scrolls of blinking
 n - 3 scrolls of butterflies
Potions
 d - a potion of might
 e - a potion of curing
 f - 4 potions of heal wounds
 g - 4 potions of haste
 h - 2 potions of magic
 i - a potion of berserk rage
 k - a potion of resistance


   Skills:
 + Level 4.1 Fighting
 + Level 2.6 Axes
 + Level 4.1 Armour
 + Level 4.1 Shields


You couldn't memorise any spells.
You didn't know any spells.
Your spell library was empty.

Dungeon Overview and Level Annotations

Branches:
Dungeon (1/1)

Altars:
Cheibriados
Dithmenos
Fedhas
Gozag
Kikubaaqudgha
Makhleb
Okawaru
Qazlal
Ru
Sif Muna
Trog
Uskayaw
Vehumet
Wu Jian
Xom
Yredelemnul
Zin
The Shining One
Lugonu

Shops:
D *[??*?*:[((!!!!

Annotations:
D Pikel


Innate Abilities, Weirdness & Mutations

You have a pair of horns on your head.
You reflexively headbutt those who attack you in melee.


Message History

Unknown command.
There is a spawn point here.
You closely miss the goblin. The goblin closely misses you.
You hit the goblin but do no damage. The goblin hits you but does no damage.
You closely miss the goblin. You headbutt the goblin.
You kill the goblin!
You now have 308 gold pieces (gained 54).
You see here a +0 club.
There is a spawn point here.
You see here a +0 club.
Pikel, Merchant of Souls comes into view.
He is wielding a +2 whip of electrocution.
Pikel shouts!
Pikel says, "Hell isn't that bad."
Pikel closely misses you.
You completely miss Pikel. Pikel closely misses you. Pikel misses you.
You furiously retaliate!
You headbutt Pikel. You barely miss Pikel.
Pikel is lightly wounded.
A kobold brigand comes into view.
It is wielding a +0 dagger and quivering curare-tipped darts.
The kobold brigand shouts!
Pikel hits you with a +2 whip of electrocution.
You barely miss Pikel. You headbutt Pikel, but do no damage.
Pikel is lightly wounded.
Pikel barely misses you. You furiously retaliate!
You headbutt Pikel, but do no damage.
The kobold brigand throws a curare-tipped dart.
The curare-tipped dart closely misses you.
You slash Pikel!
Pikel is moderately wounded.
You block Pikel's attack.
Pikel hits you with a +2 whip of electrocution.
You closely miss Pikel.
Pikel is moderately wounded.
The kobold brigand throws a curare-tipped dart.
You block the curare-tipped dart.
Pikel hits you with a +2 whip of electrocution.
You are electrocuted!!
Ouch! That really hurt!
You die...
Your body crumbles into a pile of gold.

#_......._# #_........#
###.........###
#§)..........⌠#
######K8.........8.#####
##.___......###......__.∩
###∩).......8.# #.8........
#.............###..........
#⌠.........@###...###.......
#⌠.........K# #.<.# #...)...
#⌠..........###...###.......
##.............###..........
###∩........8.# #.8........
##∩___......###......___∩
######.8.........8.#####
#⌠...........⌠#
###.........###


You could see Pikel and a kobold brigand.

Vanquished Creatures
  3 goblins (D)
3 creatures vanquished.

Notes
Turn   | Place    | Note
-------+----------+-------------------------------------------
     0 | D        | Ast3rio the Minotaur Fighter began the quest for the Orb.
     0 | D        | Reached XP level 1. HP: 19/19 MP: 0/0
     4 | D        | Found a burning altar of Makhleb.
     4 | D        | Found an ornate altar of the Wu Jian Council.
     5 | D        | Found a bloodstained altar of Trog.
     5 | D        | Round 1.
     6 | D        | Found a radiant altar of Vehumet.
     6 | D        | Found a glowing golden altar of the Shining One.
     7 | D        | Found a sacrificial altar of Ru.
     7 | D        | Found a basalt altar of Yredelemnul.
     7 | D        | Found a shadowy altar of Dithmenos.
     7 | D        | Found Suag's Identification Station.
     8 | D        | Found Zatwimeq's Jewellery.
     8 | D        | Found Suefapno's Advanced Armour.
    24 | D        | Found Aned Elu's Magic Scroll Shop.
    25 | D        | Found Jyfe Loire's Magic Scroll Shop.
    25 | D        | Found Deixt's Must-Have Magic.
    28 | D        | Found an ancient bone altar of Kikubaaqudgha.
    28 | D        | Found a blossoming altar of Fedhas.
    28 | D        | Found Uppuf's Staff Store.
    42 | D        | Found a shimmering altar of Xom.
    45 | D        | Found a glowing silver altar of Zin.
    46 | D        | Found an iron altar of Okawaru.
    46 | D        | Found Nisid's Premium Goods.
    47 | D        | Found Saikhov's Miscellaneous Merchandise.
    47 | D        | Found Dobry's Basic Armour.
    48 | D        | Found a stormy altar of Qazlal.
    48 | D        | Found Avijesao's Weapon Rack.
    53 | D        | Found an opulent altar of Gozag.
    59 | D        | Found a shimmering blue altar of Sif Muna.
    59 | D        | Found a corrupted altar of Lugonu.
    59 | D        | Found Voaph's Do-It-Yourself Clinic.
    59 | D        | Found Lemnotog's Bottled Wisdom.
    60 | D        | Found Saisen's Distillery.
    63 | D        | Became a worshipper of Gozag Ym Sagoz the Greedy
    64 | D        | Found a hide-covered altar of Uskayaw.
    64 | D        | Found a snail-covered altar of Cheibriados.
    64 | D        | Found Mepsubar's Distillery.
   125 | D        | Noticed Pikel
   131 | D        | Noticed a kobold brigand
   134 | D        | Mangled by Pikel

Illustrated notes

Levels and vault maps discovered:
D:        arena_sprint

Skill      XL: |  1 |
---------------+----+-----
Fighting       | 4 |  4.1
Armour         | 4 |  4.1
Shields        | 4 |  4.1
Axes           | |  2.6

Action                   || total
-------------------------++-------
Melee: War axe           ||    12
       Headbutt          ||     3
Armor: Scale mail        ||     2
Dodge: Dodged            ||     8
Block: Buckler           ||     3
